Construct Section Command Post
Selects Australian Defense Battlegroup
Selects Australian Light Infantry Section
Selects Australian Light Infantry Section
Australian Light Infantry Section
Australian Light Infantry Section
Construct Field Infirmary
Construct Platoon Command Post
Australian Light Infantry Section
Unlock M3 Stuart Light Tanks
Selects Defensive Tactics
Selects CMP 15cwt Supply Run
Selects Reinforced Resource Caches
Construct Company Command Post
Selects Charged Creeping Barrage